 Dungeon Crawl Stone Soup version 0.18-a0-1312-gf98331d (webtiles) character file.

99 PraiseTheSunGoddess the Skirmisher (level 4, -12/37 HPs)
             Began as a Mummy Monk on Feb 14, 2016.
             Mangled by a gnoll
             ... wielding a +0 halberd
              (14 damage)
             ... on level 4 of the Dungeon.
             The game lasted 00:03:00 (3344 turns).

PraiseTheSunGoddess the Skirmisher (Mummy Monk)     Turns: 3344, Time: 00:03:01

Health: -12/37     AC:  3    Str: 14    XL:     4   Next: 45%
Magic:  4/4        EV: 12    Int:  9    God:
Gold:   188        SH:  3    Dex: 15    Spells: 0 memorised, 3 levels left

rFire  x . .     SeeInvis .       - Unarmed
rCold  + . .     Gourm    .     (no armour)
rNeg   + + +     Faith    .     i - +0 buckler
rPois  ∞         Spirit   .     a - +0 helmet
rElec  .         Dismiss  .     (no cloak)
rCorr  .         Reflect  .     (no gloves)
SustAt .         Harm     .     (no boots)
MR     .....                    (no amulet)
Stlth  ++........               (no ring)
                                h - +2 ring of protection

@: not resistant to hostile enchantments, unstealthy
A: no food or potions, fire vulnerability, cold resistance 1, negative energy
resistance 3, torment resistance, unbreathing
a: no special abilities


You were on level 4 of the Dungeon.
You were not hungry.

You visited 1 branch of the dungeon, and saw 4 of its levels.

You collected 188 gold pieces.


Innate Abilities, Weirdness & Mutations

You do not eat or drink.
Your flesh is vulnerable to fire.
You are immune to poison.
Your flesh is cold resistant.
You are immune to negative energy.
You are immune to unholy pain and torment.
You can survive without breathing.


   Skills:
 - Level 3.9 Fighting
 - Level 2.7 Dodging
 - Level 2.2 Stealth
 + Level 3.9 Unarmed Combat


You had 3 spell levels left.
You didn't know any spells.

Inventory:

Armour
 a - a +0 helmet (worn)
 i - a +0 buckler (worn)
Jewellery
 h - a +2 ring of protection (left hand)
 l - a +3 ring of slaying {unknown}
Scrolls
 b - 2 scrolls of remove curse {unknown}
 c - 3 scrolls of teleportation {unknown}
 d - a scroll of recharging {unknown}
 e - 3 scrolls of enchant armour {unknown}
 f - 4 scrolls of identify {unknown}
 g - a scroll of magic mapping {unknown}
 j - 2 scrolls of fog {unknown}
 k - a scroll of amnesia {unknown}
Books
 m - a book of Dreams

   Spells                             Type                      Level
   a - Ensorcelled Hibernation        Hexes/Ice                    2
   b - Silence                        Hexes/Air                    5
   c - Darkness                       Hexes                        6
   d - Mass Confusion                 Hexes                        6
   e - Shadow Creatures               Summoning                    6

Dungeon Overview and Level Annotations

Branches:
Dungeon (4/15)
 Temple: D:4-7

Altars:
Fedhas
Makhleb
Qazlal
Sif Muna

........▒.▒.....
▒▒▒.▒.▒.....
▒▒▒▒.▒.▒.......
.▒ ..▒▒....g▒ .▒
▒.▒▒.▒.▒.▒ .▒
▒.▒▒.▒.▒g▒ .▒
▒.▒▒.▒.▒g▒ .▒
▒.▒▒.▒.▒g▒ .g▒
▒....▒.▒@▒
▒▒▒▒▒▒▒▒▒g▒▒
▒▒▒..▒.▒£▒
.........g..
▒..▒.▒.▒
▒▒▒▒▒▒▒...▒▒
▒..▒ ▒..
...!..£...▒ ▒..▒
▒.▒. ▒▒▒▒.▒...▒
▒..▒ ▒.▒.▒
▒.▒...▒ ▒▒▒▒ ▒.▒
▒ ▒ ▒...▒▒ ▒.▒
▒..... ▒.▒
▒.▒.▒▒


You could see a gnoll shaman and 3 gnolls.


Message History

The gnoll shaman hits you with a club.
The gnoll shouts!
You hit the gnoll shaman but do no damage.
The gnoll shaman hits you with a club.
You barely miss the gnoll shaman. The gnoll shaman closely misses you.
You barely miss the gnoll shaman. The gnoll shaman hits you with a club.
The gnoll shouts!
You hit the gnoll shaman.
The gnoll shaman is lightly wounded.
The gnoll shaman hits you with a club.
* * * LOW HITPOINT WARNING * * *
You hit the gnoll shaman.
The gnoll shaman is moderately wounded.
The gnoll barely misses you. The gnoll shaman barely misses you.
You closely miss the gnoll shaman.
The gnoll shaman is lightly wounded.
The gnoll hits you from afar with a halberd.
* * * LOW HITPOINT WARNING * * *
The gnoll shouts!
You hit the gnoll shaman.
The gnoll shaman is moderately wounded.
The gnoll shaman misses you.
The gnoll hits you from afar with a halberd.
* * * LOW HITPOINT WARNING * * *
You barely miss the gnoll shaman.
The gnoll shaman is moderately wounded.
The gnoll shaman hits you with a club!
* * * LOW HITPOINT WARNING * * *
The gnoll hits you from afar with a halberd!
You die...

Action                   |  1- 3 |  4- 6 || total
-------------------------+-------+-------++-------
Melee: Unarmed           |   153 |    61 ||   214
 Stab: Sleeping          |     4 |     2 ||     6
       Distracted        |     1 |       ||     1

Vault maps used:
D:1:      eino_arrival_cavern_d
D:2:      old_standard_altar, old_standard_altar, first_bread, hex_medium,
          bloody_makhleb
D:3:      marbit_many_paths
D:4:      elyvilon_altar_5

Notes
Turn   | Place    | Note
--------------------------------------------------------------
     0 | D:1      | PraiseTheSunGoddess the Mummy Monk began the quest for the Orb.
     0 | D:1      | Reached XP level 1. HP: 18/18 MP: 1/1
     0 | D:1      | she is hore
     0 | D:1      | I MEAN HORSE
   112 | D:1      | Reached XP level 2. HP: 14/24 MP: 2/2
  1294 | D:2      | Reached skill level 2 in Stealth
  1294 | D:2      | Reached XP level 3. HP: 24/29 MP: 3/3
  1295 | D:2      | oh fuck
  1301 | D:2      | I did a vinnie
  1317 | D:2      | Found a burning altar of Makhleb.
  1848 | D:2      | Found a deep blue altar of Sif Muna.
  1925 | D:2      | Found a stormy altar of Qazlal.
  2464 | D:3      | Reached XP level 4. HP: 34/37 MP: 4/4
  2820 | D:3      | Found a blossoming altar of Fedhas.
  3344 | D:4      | HP: 2/37 [gnoll shaman/club (7)]
  3344 | D:4      | Mangled by a gnoll

Vanquished Creatures
  A gnoll (D:4)
  3 adders
  An ooze (D:1)
  3 worms (D:2)
  A giant gecko (D:2)
  2 giant cockroaches
  11 goblins
  2 hobgoblins
  5 jackals (D:1)
  9 kobolds
  A ball python (D:1)
  3 bats
  2 giant newts (D:1)
  A quokka skeleton (D:3)
  6 rats
51 creatures vanquished.
